 Dungeon Crawl Stone Soup version 0.22-a0-601-gb0ed703 (webtiles) character file.

11 Goblin1989 the Ducker (level 2, 0/14 HPs)
             Began as a Felid Chaos Knight on July 6, 2018.
             Slain by a jackal (1 damage)
             ... on level 1 of the Dungeon.
             The game lasted 00:00:33 (52 turns).

Goblin1989 the Ducker (Felid Chaos Knight)            Turns: 52, Time: 00:00:34

Health: 0/14       AC:  1    Str:  8    XL:     2   Next: 13%
Magic:  3/3        EV: 24    Int: 13    God:    Xom [..*...]
Gold:   0          SH:  0    Dex: 20    Spells: 1/1 levels left
                                        Lives:  0   Deaths: 0

rFire    . . .     SeeInvis +     - Unarmed
rCold    . . .     Gourm    .   (shield unavailable)
rNeg     . . .     Faith    .   (armour unavailable)
rPois    .         Spirit   .   (helmet unavailable)
rElec    .         Reflect  .   (cloak unavailable)
rCorr    .         Harm     .   (gloves unavailable)
MR       .....                  (boots unavailable)
Stlth    +++.......             (no amulet)
HPRegen  0.04/turn              (no ring)
MPRegen  0.08/turn              (no ring)

@: agile, quick
A: very small, no armour, no weapons or thrown items, stealth, claws 1, fangs 3,
see invisible, carnivore, speed 1, shaggy fur 1, slow metabolism 1, sharp paws
a: Renounce Religion


You were on level 1 of the Dungeon.
You worshipped Xom.
You were a toy of Xom.
You were not hungry.

You visited 1 branch of the dungeon, and saw 1 of its levels.

Inventory:

Comestibles
 e - a ration


   Skills:
 + Level 3.1 Fighting
 + Level 3.4 Dodging
 + Level 1.0 Stealth
 * Level 3.2 Unarmed Combat


You had one spell level left.
You didn't know any spells.
Your spell library was empty.

Dungeon Overview and Level Annotations

Branches:
Dungeon (1/15)

Altars:


Innate Abilities, Weirdness & Mutations

You cannot wear armour.
You are incapable of wielding weapons or throwing items.
Your paws allow you to move quietly. (Stealth)
You have sharp claws.
You have razor-sharp teeth.
You have supernaturally acute eyesight. (SInv)
You are carnivorous and can eat meat at any time.
You cover ground quickly.
You are covered in fur. (AC +1)
You have a slow metabolism.
Your sharp claws are effective at attacking unaware monsters.


Message History

Welcome, Goblin1989 the Felid Chaos Knight.
The bosom of this dungeon contains the fabled artefact, the Orb of Zot.
Xom says: A new plaything!
Press ? for a list of commands and other information.
Found a staircase leading out of the dungeon.
You see here a glowing scale mail.
There is a fountain of clear blue water here.
A hobgoblin comes into view. It is wielding a club.
A kobold comes into view.
A leopard gecko and an ooze come into view.
The hobgoblin completely misses you.
You scratch the hobgoblin.
You kill the hobgoblin!
A kobold comes into view.
Found an escape hatch in the floor.
You pounce on the unaware helpless leopard gecko!
You claw the leopard gecko!
You kill the leopard gecko!
The kobold shouts! x2
A ball python comes into view.
The ooze closely misses you.
The kobold throws a stone.
The stone barely misses you.
Found a stone staircase leading down.
You see here a stone.
You scratch the ooze.
The ooze is lightly wounded.
The ooze hits you.
* * * LOW HITPOINT WARNING * * *
The kobold throws a stone.
The stone misses you.
You are too injured to fight recklessly!
You are too injured to fight recklessly!
You are too injured to fight recklessly!
You are too injured to fight recklessly!
You are too injured to fight recklessly!
You take 4 damage, and have 6/10 hp.
MASSIVE DAMAGE!!
You are too injured to fight recklessly!
You are too injured to fight recklessly!
You are too injured to fight recklessly!
You are too injured to fight recklessly!
You are too injured to fight recklessly!
You are too injured to fight recklessly!
You are too injured to fight recklessly!
You are too injured to fight recklessly!
You are too injured to fight recklessly!
You are too injured to fight recklessly!
A jackal comes into view.
The jackal barks!
The kobold throws a stone.
The stone hits you.
* * * LOW HITPOINT WARNING * * *
You see here a stone.
You take 2 damage, and have 4/10 hp.
A jackal comes into view.
You barely miss the jackal. Your bite misses the jackal. The jackal bites you.
* * * LOW HITPOINT WARNING * * *
The jackal misses you.
You take 1 damage, and have 3/10 hp.
You scratch the jackal but do no damage.
You bite the jackal.
The jackal is heavily wounded.
The jackal misses you.
You closely miss the jackal. Your bite misses the jackal.
The jackal is heavily wounded.
The jackal barely misses you.
You closely miss the jackal.
The jackal is heavily wounded.
The jackal bites you.
* * * LOW HITPOINT WARNING * * *
You take 3 damage, and have 1/10 hp.
MASSIVE DAMAGE!!
You closely miss the jackal.
The jackal is heavily wounded.
Xom smiles on you.
You feel agile all of a sudden. The jackal closely misses you.
The jackal misses you.
You scratch the jackal but do no damage.
Your bite misses the jackal.
The jackal is heavily wounded.
The jackal misses you.
You scratch the jackal.
You kill the jackal!
You scratch the ooze.
The ooze is moderately wounded.
The ooze misses you.
You scratch the ooze.
The ooze is severely wounded.
The ooze barely misses you.
You scratch the ooze.
You kill the ooze!
Your Stealth skill increases to level 1!
You have reached level 2!
The kobold throws a stone.
The stone barely misses you.
MP restored: 3 Unknown command.
You see here a jackal corpse.
You scratch the kobold.
You kill the kobold!
The jackal completely misses you.
You scratch the jackal but do no damage.
The jackal bites you.
You die... "What!?
That's it?"

████...████ ██...██
█.. ██..Ψ..██ █..
██.......████.h████
██..Ψ...Ψ..██.......
█.....Ψ..(..█.....
███.......███...
▲.████.██████K███████
█........).(..h@...(█
█...█.███..██.███████
█....!.K..(██.█
█.....████).█▲█
█..... █.... ......
▲...... █.....
█........ █(....S..
█....>...


You could see a jackal and a kobold.

Vanquished Creatures
  An ooze (D:1)
  A leopard gecko (D:1)
  A hobgoblin (D:1)
  A jackal (D:1)
  A kobold (D:1)
5 creatures vanquished.

Notes
Turn   | Place    | Note
-------+----------+-------------------------------------------
     0 | D:1      | Goblin1989 the Felid Chaos Knight began the quest for the Orb.
     0 | D:1      | Reached XP level 1. HP: 10/10 MP: 2/2
    44 | D:1      | XOM: potion effect (agility)
    49 | D:1      | Reached skill level 1 in Stealth
    49 | D:1      | Reached XP level 2. HP: 1/14 MP: 3/3
    52 | D:1      | Slain by a jackal

Vault maps used:
D:1:      dpeg_arrival_leaves_temple_mockup

Skill      XL: |  1 |
---------------+----+-----
Stealth        | 1 |  1.0
Fighting       | |  3.1
Dodging        | |  3.4
Unarmed Combat | |  3.2

Action                   || total
-------------------------++-------
Melee: Unarmed           ||    15
       Bite              ||     1
 Stab: Sleeping          ||     1
Dodge: Dodged            ||    14

Table legend:
 A = Spawn XP
 B = Non-spawn XP
 C = Spawn XP percentage of total XP
 D = Spawn monster count
 E = Non-spawn monster count
 F = Spawn count percentage of total count
 G = Total turns spent on level
                    A         B        C        D         E        F      G
               +---------+---------+-------+---------+---------+-------+---------
         Total |       0 |      16 |   0.0 |       0 |       5 |   0.0 |    52
               +---------+---------+-------+---------+---------+-------+---------
           D:1 |       0 |      16 |   0.0 |       0 |       5 |   0.0 |    52
               +---------+---------+-------+---------+---------+-------+---------

Vault maps used:
D:1:      dpeg_arrival_leaves_temple_mockup
